 Dungeon Crawl Stone Soup version 0.18.1-50-g88ac8fd (webtiles) character file.

1130 wolfsongas the Shield-Bearer (level 8, -2/62 HPs)
             Began as a Formicid Fighter on May 2, 2017.
             Slain by 0gre's ghost (11 damage)
             ... on level 6 of the Dungeon.
             The game lasted 00:21:52 (4674 turns).

wolfsongas the Shield-Bearer (Formicid Fighter)     Turns: 4674, Time: 00:21:52

Health: -2/62      AC: 11    Str: 20 (23) XL:     8   Next: 62%
Magic:  8/8        EV: 13    Int: 12 (13) God:
Gold:   216        SH: 16    Dex: 13 (15) Spells: 1 memorised, 4 levels left

rFire  . . .     SeeInvis +     a - +1 war axe
rCold  . . .     Gourm    .     J - +0 chain mail
rNeg   . . .     Faith    .     c - +2 shield
rPois  .         Spirit   .     (helmet unavailable)
rElec  .         Dismiss  .     (no cloak)
rCorr  .         Reflect  +     (no gloves)
SustAt .         Harm     .     d - +0 pair of boots
MR     .....                    r - +3 amulet of reflection
Stlth  ..........               (no ring)
                                (no ring)

@: brilliant, agile, not resistant to hostile enchantments, extremely unstealthy
A: permanent stasis, dig shafts and tunnels, four strong arms, antennae 3
a: Dig, Shaft Self


You were on level 6 of the Dungeon.
You were not hungry.

You visited 1 branch of the dungeon, and saw 6 of its levels.

You collected 216 gold pieces.

Inventory:

Hand Weapons
 a - a +1 war axe (weapon)
 e - a +1 arbalest of evasion
 f - a +1 vampiric spear
 g - a +0 trident
 j - a +0 hunting sling
 t - a +0 hand axe
 z - a cursed -1 shortbow
 L - a cursed +0 giant club
Missiles
 k - 140 stones (quivered)
 G - 84 arrows
Armour
 b - a +1 scale mail
 c - a +2 shield (worn)
 d - a +0 pair of boots (worn)
 h - a +0 ring mail
 J - a +0 chain mail (worn)
Jewellery
 r - a +3 amulet of reflection (around neck)
 A - a +4 amulet of reflection
Wands
 o - a wand of random effects (41/48)
 v - a wand of iceblast (12/15)
Scrolls
 l - 2 scrolls of noise
 p - 2 scrolls of remove curse
 F - a scroll of magic mapping
Potions
 i - a potion of cure mutation
 x - a potion of flight
 C - a potion of lignification
 H - a potion of degeneration
Books
 E - a book of Envenomations

   Spells                             Type                      Level
   a - Spider Form                    Transmutation/Poison         3
   b - Olgreb's Toxic Radiance        Poison                       4
   c - Alistair's Intoxication        Transmutation/Poison         5
   d - Poisonous Cloud                Conjuration/Poison/Air       6
Comestibles
 q - a royal jelly


   Skills:
 + Level 5.0 Fighting
 + Level 4.5 Axes
 + Level 5.4 Armour
 + Level 3.6 Dodging
 + Level 0.3 Stealth
 + Level 7.3 Shields


You had 4 spell levels left.
You knew the following spells:

 Your Spells              Type           Power        Failure   Level  Hunger
a - Spider Form           Trmt/Pois      #.........   90%         3    ####...


Dungeon Overview and Level Annotations

Branches:
Dungeon (6/15)             Temple (0/1) D:4

Altars:
Ashenzari
Ru
Xom

Annotations:
D:6 0gre's ghost, novice MiBe


Innate Abilities, Weirdness & Mutations

You are under a permanent stasis effect.
You can dig through walls and to a lower floor.
Your four strong arms can wield two-handed weapons with a shield.
You have a pair of large antennae on your head (SInv).


Message History

You cannot move. 0gre's ghost hits you but does no damage.
You cannot move.
Your butterfly disappears in a puff of smoke! 0gre's ghost hits you.
* * * LOW HITPOINT WARNING * * *
You cannot move.
You block 0gre's ghost's attack.
You cannot move.
You feel less woody.
Your +0 pair of boots unmelds from your body.
Your +0 chain mail unmelds from your body. 0gre's ghost closely misses you.
You block 0gre's ghost's attack.
Read which item? (? for menu, Esc to quit)
Okay, then. 0gre's ghost screams in joy, "As in life, so in death: Kill!
Kill!!
Kill!!!"
Okay, then.
You closely miss 0gre's ghost. 0gre's ghost hits you!
You die...

**,,,***,,,,,**,*
**,,,********
****** *,,,,,,,,*
*,,,,,,,* ,*
*****{****
*,,,,**,* **
******,* *,,,,**,*
*******,,,,,,*
*,*,,**,*
,,,,,,,,******
*,#*,#*,*
*********
*.##.#*,#####
#####*....,,,#....
#@W.#...,,,,*#.#.#
#.#c#.###.#,**,#,#
#.#...c....,,,,#,#
#...#.##..#,***#.#
###{#.#*,**,* #..
#b#,.,,,,,* ####
#.#*..,>,** #...
#.#*,..,,* #(##
#.#*,...,* *,*#


You could see a centaur and 0gre's ghost.

Vanquished Creatures
  An ogre (D:5)
  2 phantoms
  A centaur (D:5)
  2 scorpions
  A crimson imp (D:5)
  2 hounds
  2 orc priests (D:4)
  4 orc wizards (D:3)
  2 worker ants
  7 adders
  3 shadow imps
  2 oozes
  An adder skeleton (D:6)
  A worm (D:4)
  5 dart slugs
  2 giant geckos
  23 orcs
  2 ball pythons
  3 giant cockroaches
  6 goblins
  12 hobgoblins
  9 jackals
  3 quokkas
  A ball python skeleton (D:5)
  4 bats
  4 giant newts
  6 kobolds
  A quokka skeleton (D:4)
  7 rats
119 creatures vanquished.

Vanquished Creatures (others)
  2 centaurs (D:5)
2 creatures vanquished.

Grand Total: 121 creatures vanquished

Notes
Turn   | Place    | Note
--------------------------------------------------------------
     0 | D:1      | wolfsongas the Formicid Fighter began the quest for the Orb.
     0 | D:1      | Reached XP level 1. HP: 18/18 MP: 1/1
   121 | D:1      | Reached XP level 2. HP: 24/24 MP: 2/2
   134 | D:1      | Reached skill level 4 in Shields
   279 | D:1      | Reached XP level 3. HP: 25/29 MP: 3/3
   725 | D:2      | Found a sacrificial altar of Ru.
   738 | D:2      | Found a shimmering altar of Xom.
   912 | D:2      | Reached XP level 4. HP: 32/37 MP: 4/4
  1784 | D:3      | Reached skill level 1 in Dodging
  1784 | D:3      | Reached XP level 5. HP: 31/42 MP: 5/5
  1966 | D:3      | Reached skill level 5 in Shields
  2003 | D:3      | Found a shattered altar of Ashenzari.
  2011 | D:3      | Reached XP level 6. HP: 28/48 MP: 6/6
  2310 | D:3      | Learned a level 3 spell: Spider Form
  2612 | D:4      | Noticed a phantom
  2659 | D:4      | Killed a phantom
  2659 | D:4      | Reached skill level 6 in Shields
  2659 | D:4      | Reached XP level 7. HP: 35/54 MP: 7/7
  2745 | D:4      | Found a staircase to the Ecumenical Temple.
  3410 | D:4      | You fall through a shaft!
  3410 | D:5      | Entered Level 5 of the Dungeon
  3485 | D:5      | Reached XP level 8. HP: 40/61 MP: 8/8
  3602 | D:5      | Reached skill level 5 in Armour
  3887 | D:5      | Reached skill level 5 in Fighting
  3887 | D:5      | Reached skill level 7 in Shields
  4594 | D:6      | Noticed 0gre's ghost (novice MiBe)
  4636 | D:6      | Identified a scroll of acquirement
  4674 | D:6      | Slain by 0gre's ghost

Skill      XL: |  1  2  3  4  5  6  7  8 |
---------------+-------------------------+-----
Shields        | 4 5 6 7 |  7.3
Dodging        | 1 2 3 |  3.6
Armour         | 4 5 |  5.4
Axes           | 3 4 |  4.5
Fighting       | 4 5 |  5.0
Stealth        | |  0.3

Action                   |  1- 3 |  4- 6 |  7- 9 || total
-------------------------+-------+-------+-------++-------
Melee: War axe           |    73 |   221 |   183 ||   477
 Abil: Dig               |     4 |    12 |     7 ||    23
  Use: Scroll            |     2 |     4 |    16 ||    22
       Potion            |       |       |     9 ||     9
  Eat: Bread ration      |     1 |       |     1 ||     2
       Pizza             |       |     3 |     1 ||     4
       Beef jerky        |       |       |     1 ||     1
Armor: Scale mail        |    28 |    78 |    34 ||   140
       Skin              |       |       |    16 ||    16
       Chain mail        |       |       |     4 ||     4
Dodge: Dodged            |    22 |    73 |    56 ||   151
Block: Shield            |    62 |   170 |   179 ||   411
       Reflection        |     2 |     5 |     9 ||    16
